NYP
MILWAUKEE (NYP) BREWERS @ HILLSBORO HOPS
08/06/2048
 
TOP OF THE 1ST
Milwaukee (NYP) Brewers batting - Pitching for Hillsboro Hops : RHP Jake Priest
Pitching: RHP Jake Priest
Batting: SHB Aaron Neill 0-0: SINGLE (Line Drive, 78M, EV 98.1 MPH)
Batting: SHB Jerry Duffy 0-0: Called Strike
Aaron Neill steals 2nd base
0-1: Ball
1-1: Called Strike
Aaron Neill steals 3rd base
1-2: Strikes out swinging
Batting: SHB Sam Bingham 0-0: Called Strike
0-1: Called Strike
0-2: Fly out, F8 (Flyball, 89M, EV 86.2 MPH)
Batting: SHB Craig Wright 0-0: Ball
1-0: Foul Ball, location: 2F
1-1: Ball
2-1: Ball
3-1: Called Strike
3-2: Strikes out swinging
Top of the 1st over - 0 runs, 1 hit, 0 errors, 1 left on base; Milwaukee (NYP) 0 - Hillsboro 0
BOTTOM OF THE 1ST
Hillsboro Hops batting - Pitching for Milwaukee (NYP) Brewers : RHP Josh Pelletier
Pitching: RHP Josh Pelletier
Batting: RHB Yutaka Oki 0-0: Called Strike
0-1: SINGLE (Groundball, P, EV 88.8 MPH) (infield hit)
Batting: RHB Daniel Rivera 0-0: Called Strike
0-1: Ball
1-1: DOUBLE (Groundball, 5L, EV 104.4 MPH)
Yutaka Oki to third
Batting: RHB Tim Borden 0-0: Called Strike
0-1: SINGLE (Groundball, 5S, EV 66.9 MPH) (infield hit)
Yutaka Oki scores
Daniel Rivera to third
Batting: LHB Franklin Quezada 0-0: Swinging Strike
0-1: DOUBLE (Line Drive, 7LM, EV 106.9 MPH)
Daniel Rivera scores
Tim Borden to third
Batting: RHB Danny Loyola 0-0: Ball
1-0: Called Strike
1-1: Foul Ball, location: 2F
1-2: Foul Ball, location: 2F
1-2: Foul Ball, location: 2F
1-2: Ball
Wild Pitch!
Tim Borden scores
Franklin Quezada to third
2-2: Ball
3-2: Foul Ball, location: 2F
3-2: 2-RUN HOME RUN (Flyball, 78XD, EV 116.2 MPH), Distance : 462 ft
Batting: RHB Cesar Rendon 0-0: Foul Ball, location: 2F
0-1: Ball
1-1: SINGLE (Groundball, 56D, EV 95.6 MPH)
Batting: RHB Jonathan Underhill 0-0: Ball
1-0: Ball
2-0: SINGLE (Groundball, 4MD, EV 110.6 MPH)
Cesar Rendon to second
Pitching: LHP Tom Barone
Batting: RHB Sean Tanner 0-0: Foul Ball, location: 2F
0-1: Called Strike
0-2: Ball
1-2: Strikes out swinging
Batting: RHB Ryuki Ogasawara 0-0: Ball
1-0: Called Strike
1-1: Ball
2-1: Grounds into double play, 6-4-3 (Groundball, 56, EV 93.8 MPH)
Bottom of the 1st over - 5 runs, 7 hits, 0 errors, 1 left on base; Milwaukee (NYP) 0 - Hillsboro 5
TOP OF THE 2ND
Milwaukee (NYP) Brewers batting - Pitching for Hillsboro Hops : RHP Jake Priest
Batting: RHB Victor Alarcon 0-0: Ball
1-0: Ball
2-0: Called Strike
2-1: Ball
3-1: Fly out, F9 (Line Drive, 9, EV 91.2 MPH)
Batting: RHB Jose Cerritos 0-0: SINGLE (Line Drive, 78S, EV 86.9 MPH)
Batting: LHB Sal Burgos 0-0: Fielders Choice at 2nd, 3-6 (Groundball, 3, EV 102.5 MPH)
Batting: RHB Dusty Bates 0-0: Called Strike
0-1: Ball
1-1: Ground out 4-3 (Groundball, 34, EV 86.2 MPH)
Top of the 2nd over - 0 runs, 1 hit, 0 errors, 1 left on base; Milwaukee (NYP) 0 - Hillsboro 5
BOTTOM OF THE 2ND
Hillsboro Hops batting - Pitching for Milwaukee (NYP) Brewers : LHP Tom Barone
Batting: RHB Yutaka Oki 0-0: Ball
1-0: SINGLE (Line Drive, 4MD, EV 109.4 MPH)
Batting: RHB Daniel Rivera 0-0: Ball
Wild Pitch!
Yutaka Oki to second
1-0: Ground out 5-3 (Groundball, 56, EV 91.2 MPH)
Batting: RHB Tim Borden 0-0: Ball
Yutaka Oki steals 3rd base
1-0: Ball
2-0: Fly out, F9 (Flyball, 89S, EV 85.0 MPH)
Batting: LHB Franklin Quezada 0-0: Ground out 6-3 (Groundball, 6M, EV 86.2 MPH)
Bottom of the 2nd over - 0 runs, 1 hit, 0 errors, 1 left on base; Milwaukee (NYP) 0 - Hillsboro 5
TOP OF THE 3RD
Milwaukee (NYP) Brewers batting - Pitching for Hillsboro Hops : RHP Jake Priest
Batting: LHB Paul Collins 0-0: Foul Ball, location: 2F
0-1: Swinging Strike
0-2: Ball
1-2: Strikes out swinging
Batting: SHB Aaron Neill 0-0: Ball
1-0: Foul Ball, location: 2F
1-1: Ball
2-1: Foul Ball, location: 2F
2-2: Ball
3-2: Ground out 1-3 (Groundball, 15S, EV 68.1 MPH)
Batting: SHB Jerry Duffy 0-0: Swinging Strike
0-1: Ball
1-1: DOUBLE (Flyball, 8RXD, EV 108.8 MPH)
Batting: SHB Sam Bingham 0-0: Called Strike
0-1: Ball
1-1: Ball
2-1: Swinging Strike
2-2: Ball
3-2: Base on Balls
Batting: SHB Craig Wright 0-0: Ground out 5-3 (Groundball, 56, EV 102.5 MPH)
Top of the 3rd over - 0 runs, 1 hit, 0 errors, 2 left on base; Milwaukee (NYP) 0 - Hillsboro 5
BOTTOM OF THE 3RD
Hillsboro Hops batting - Pitching for Milwaukee (NYP) Brewers : LHP Tom Barone
Batting: RHB Danny Loyola 0-0: Swinging Strike
0-1: Ball
1-1: Ball
2-1: Ball
3-1: Called Strike
3-2: Foul Ball, location: 2F
3-2: SINGLE (Flyball, 5D, EV 99.4 MPH)
Batting: RHB Cesar Rendon 0-0: Ball
1-0: Ball
2-0: Swinging Strike
2-1: Foul Ball, location: 2F
2-2: Strikes out looking
Batting: RHB Jonathan Underhill 0-0: Grounds into double play, 5-4-3 (Groundball, 56, EV 86.2 MPH)
Bottom of the 3rd over - 0 runs, 1 hit, 0 errors, 0 left on base; Milwaukee (NYP) 0 - Hillsboro 5
TOP OF THE 4TH
Milwaukee (NYP) Brewers batting - Pitching for Hillsboro Hops : RHP Jake Priest
Batting: RHB Victor Alarcon 0-0: Called Strike
0-1: Ground out 6-3 (Groundball, 6, EV 91.9 MPH)
Batting: RHB Jose Cerritos 0-0: Called Strike
0-1: Ground out 2-3 (Groundball, 2L, EV 68.8 MPH)
Batting: LHB Sal Burgos 0-0: Called Strike
0-1: Swinging Strike
0-2: Ball
1-2: SOLO HOME RUN (Flyball, 9LD, EV 99.4 MPH), Distance : 363 ft
Batting: RHB Dusty Bates 0-0: Ball
1-0: Called Strike
1-1: Fly out, F7 (Flyball, 78D, EV 95.6 MPH)
Top of the 4th over - 1 run, 1 hit, 0 errors, 0 left on base; Milwaukee (NYP) 1 - Hillsboro 5
BOTTOM OF THE 4TH
Hillsboro Hops batting - Pitching for Milwaukee (NYP) Brewers : LHP Tom Barone
Batting: RHB Sean Tanner 0-0: Called Strike
0-1: Swinging Strike
0-2: Ball
1-2: Ball
2-2: Ball
3-2: Foul Ball, location: 2F
3-2: Strikes out swinging, 2-3 out at first.
Batting: RHB Ryuki Ogasawara 0-0: Ground out 1-3 (Groundball, P, EV 71.2 MPH)
Batting: RHB Yutaka Oki 0-0: Called Strike
0-1: Ground out 6-3 (Groundball, 6, EV 108.1 MPH)
Bottom of the 4th over - 0 runs, 0 hits, 0 errors, 0 left on base; Milwaukee (NYP) 1 - Hillsboro 5
TOP OF THE 5TH
Milwaukee (NYP) Brewers batting - Pitching for Hillsboro Hops : RHP Jake Priest
Batting: LHB Paul Collins 0-0: Ground out 1-3 (Groundball, 34S, EV 70.6 MPH)
Batting: SHB Aaron Neill 0-0: Ball
1-0: Foul Ball, location: 2F
1-1: Called Strike
1-2: Ball
2-2: SINGLE (Groundball, 25, EV 73.1 MPH) (infield hit)
Batting: SHB Jerry Duffy 0-0: SINGLE (Groundball, 25, EV 69.4 MPH) (infield hit)
Aaron Neill to second
Batting: SHB Sam Bingham 0-0: Called Strike
0-1: Ball
1-1: Ball
2-1: Ball
Wild Pitch!
Aaron Neill to third
Jerry Duffy to second
3-1: Base on Balls
Batting: SHB Craig Wright 0-0: Ball
1-0: Swinging Strike
1-1: Called Strike
1-2: Foul Ball, location: 2F
1-2: Fly out, F5 (Popup, 5SF, EV 82.5 MPH)
Batting: RHB Victor Alarcon 0-0: Ball
1-0: Ground out 5-3 (Groundball, 56S, EV 78.8 MPH)
Top of the 5th over - 0 runs, 2 hits, 0 errors, 3 left on base; Milwaukee (NYP) 1 - Hillsboro 5
BOTTOM OF THE 5TH
Hillsboro Hops batting - Pitching for Milwaukee (NYP) Brewers : LHP Tom Barone
Batting: RHB Daniel Rivera 0-0: Called Strike
0-1: Called Strike
0-2: Ball
1-2: Strikes out looking
Batting: RHB Tim Borden 0-0: Ball
1-0: Ball
2-0: Fly out, F8 (Flyball, 8RM, EV 90.6 MPH)
Batting: LHB Franklin Quezada 0-0: Ball
1-0: Ball
2-0: Called Strike
2-1: Ground out 6-3 (Groundball, 6, EV 105.6 MPH)
Bottom of the 5th over - 0 runs, 0 hits, 0 errors, 0 left on base; Milwaukee (NYP) 1 - Hillsboro 5
TOP OF THE 6TH
Milwaukee (NYP) Brewers batting - Pitching for Hillsboro Hops : RHP Jake Priest
Batting: RHB Jose Cerritos 0-0: Fly out, F7 (Flyball, 7, EV 88.1 MPH)
Batting: LHB Sal Burgos 0-0: Ball
1-0: Fly out, F8 (Line Drive, 8RD, EV 99.4 MPH)
Batting: RHB Dusty Bates 0-0: Ball
1-0: Called Strike
1-1: Foul Ball, location: 2F
1-2: Foul Ball, location: 2F
1-2: Strikes out swinging
Top of the 6th over - 0 runs, 0 hits, 0 errors, 0 left on base; Milwaukee (NYP) 1 - Hillsboro 5
BOTTOM OF THE 6TH
Hillsboro Hops batting - Pitching for Milwaukee (NYP) Brewers : LHP Tom Barone
Batting: RHB Danny Loyola 0-0: Called Strike
0-1: Ground out 5-3 (Groundball, 5, EV 108.1 MPH)
Batting: RHB Cesar Rendon 0-0: Called Strike
0-1: Ball
1-1: Ball
2-1: Called Strike
2-2: Strikes out swinging, 2-3 out at first.
Batting: RHB Jonathan Underhill 0-0: SINGLE (Groundball, 25, EV 75.6 MPH) (infield hit)
Pitching: RHP Marcus Jackson
Pinch Runner at 1st Terry Jarrells:
Batting: RHB Sean Tanner 0-0: Foul Ball, location: 2F
0-1: Foul Ball, location: 2F
0-2: Ball
1-2: Strikes out swinging
Bottom of the 6th over - 0 runs, 1 hit, 0 errors, 1 left on base; Milwaukee (NYP) 1 - Hillsboro 5
TOP OF THE 7TH
Milwaukee (NYP) Brewers batting - Pitching for Hillsboro Hops : RHP Jake Priest
Now at 2B: Daniel Rivera
Now at 3B: Orlando Florez
Batting: LHB Paul Collins 0-0: Called Strike
0-1: Foul Ball, location: 2F
0-2: Ball
1-2: Ball
2-2: Foul Ball, location: 2F
2-2: Strikes out swinging
Batting: SHB Aaron Neill 0-0: Foul Ball, location: 2F
0-1: Ball
1-1: DOUBLE (Groundball, 3L, EV 101.2 MPH)
Batting: SHB Jerry Duffy 0-0: Ball
1-0: Called Strike
1-1: Swinging Strike
1-2: Ball
2-2: Ball
3-2: Foul Ball, location: 2F
3-2: Base on Balls
Batting: SHB Sam Bingham 0-0: Ball
1-0: Ball
2-0: Called Strike
2-1: Ball
3-1: Swinging Strike
3-2: Foul Ball, location: 2F
3-2: Base on Balls
Aaron Neill to third
Jerry Duffy to second
Pitching: RHP Nick Garland
Batting: SHB Craig Wright 0-0: Ball
1-0: Fly out, F8 (Line Drive, 8LD, EV 90.6 MPH)
Runner from 3rd tags up, SCORES, no throw by CF
Batting: RHB Victor Alarcon 0-0: Ground out 5-3 (Groundball, 56S, EV 93.1 MPH)
Top of the 7th over - 1 run, 1 hit, 0 errors, 2 left on base; Milwaukee (NYP) 2 - Hillsboro 5
BOTTOM OF THE 7TH
Hillsboro Hops batting - Pitching for Milwaukee (NYP) Brewers : RHP Marcus Jackson
Batting: RHB Ryuki Ogasawara 0-0: Ground out 5-3 (Groundball, 56, EV 88.1 MPH)
Batting: RHB Yutaka Oki 0-0: Ball
1-0: Ball
2-0: Called Strike
2-1: Foul Ball, location: 2F
2-2: Strikes out swinging
Batting: RHB Daniel Rivera 0-0: Swinging Strike
0-1: Foul Ball, location: 2F
0-2: Ball
1-2: Ground out 4-3 (Groundball, 13, EV 78.8 MPH)
Bottom of the 7th over - 0 runs, 0 hits, 0 errors, 0 left on base; Milwaukee (NYP) 2 - Hillsboro 5
TOP OF THE 8TH
Milwaukee (NYP) Brewers batting - Pitching for Hillsboro Hops : RHP Nick Garland
Batting: RHB Jose Cerritos 0-0: Ball
1-0: Ball
2-0: Called Strike
2-1: TRIPLE (Groundball, 3L, EV 100.6 MPH)
Batting: LHB Sal Burgos Balk!
Jose Cerritos scores
0-0: Ball
1-0: Called Strike
1-1: Ball
2-1: Foul Ball, location: 2F
2-2: Strikes out looking
Batting: RHB Dusty Bates 0-0: Ball
1-0: Called Strike
1-1: Ground out 2-3 (Groundball, 2L, EV 66.9 MPH)
Batting: LHB Paul Collins 0-0: Ball
1-0: SINGLE (Groundball, 5L, EV 105.6 MPH) (infield hit)
Batting: SHB Aaron Neill 0-0: Ball
1-0: Called Strike
1-1: Foul Ball, location: 2F
1-2: Ball
2-2: Strikes out swinging
Top of the 8th over - 1 run, 2 hits, 0 errors, 1 left on base; Milwaukee (NYP) 3 - Hillsboro 5
BOTTOM OF THE 8TH
Hillsboro Hops batting - Pitching for Milwaukee (NYP) Brewers : RHP Marcus Jackson
Batting: RHB Tim Borden 0-0: Called Strike
0-1: Ball
1-1: Foul Ball, location: 2F
1-2: Strikes out swinging
Batting: LHB Franklin Quezada 0-0: Called Strike
0-1: Ball
1-1: Ball
2-1: Ball
3-1: Called Strike
3-2: Ground out 6-3 (Groundball, 6, EV 84.4 MPH)
Batting: RHB Danny Loyola 0-0: Called Strike
0-1: Ball
1-1: Called Strike
1-2: Strikes out swinging
Bottom of the 8th over - 0 runs, 0 hits, 0 errors, 0 left on base; Milwaukee (NYP) 3 - Hillsboro 5
TOP OF THE 9TH
Milwaukee (NYP) Brewers batting - Pitching for Hillsboro Hops : RHP Nick Garland
Pitching: LHP Matt Bagnall
Now at 1B: Antonio Luisa
Batting: SHB Jerry Duffy 0-0: Swinging Strike
0-1: Ball
1-1: Foul Ball, location: 2F
1-2: Strikes out swinging
Batting: SHB Sam Bingham 0-0: Ball
1-0: Ball
2-0: Swinging Strike
2-1: Ball
3-1: Foul Ball, location: 2F
3-2: Strikes out looking
Batting: SHB Craig Wright 0-0: Called Strike
0-1: Foul Ball, location: 2F
0-2: Ball
1-2: Strikes out swinging
Top of the 9th over - 0 runs, 0 hits, 0 errors, 0 left on base; Milwaukee (NYP) 3 - Hillsboro 5
Tuesday, March 28th , 2023 - OOTP Baseball 23.10 Build 110